 Dungeon Crawl Stone Soup version 0.27-a0-1232-gc6a4cbde82 (webtiles) character file.

Game seed: 4452180687111556506

1665 mordus the Arsonist (level 8, -9/57 HPs)
             Began as a Green Draconian Fire Elementalist on June 8, 2021.
             Was an Initiate of Ashenzari.
             Mangled by a black bear (12 damage)
             ... on level 5 of the Dungeon.
             The game lasted 00:20:25 (5164 turns).

mordus the Arsonist (DrFE)                          Turns: 5164, Time: 00:20:26

Health: -9/57      AC:  7    Str: 11    XL:     8   Next: 69%
Magic:  10/15      EV: 12    Int: 17    God:    Ashenzari [......]
Gold:   192        SH:  5    Dex: 17    Spells: 12/17 levels left

rFire    + . .     SeeInvis .   l - +2 dagger "Seer of Ashenzari" {venom, Fort, Self} (curse)
rCold    x . .     Faith    .   (no shield)
rNeg     . . .     Spirit   .   (armour unavailable)
rPois    +         Reflect  +   (helmet restricted)
rElec    .         Harm     +   p - scarf {repulsion}
rCorr    .         Rampage  .   (no gloves)
Will     .....                  o - +0 pair of boots
Stlth    ++........             g - amulet "Suteqaq" {Reflect Harm *Slow Dex+5 SH+5}
HPRegen  0.19/turn              c - ring of fire
MPRegen  0.14/turn              (no ring)

@: repel missiles
A: breathe noxious fumes, AC +6, unfitting armour, poison resistance,
cold-blooded
a: Breathe Noxious Fumes, Renounce Religion, Shatter the Chains


You were on level 5 of the Dungeon.
You worshipped Ashenzari.
Ashenzari was noncommittal.
You visited 2 branches of the dungeon, and saw 6 of its levels.

You collected 192 gold pieces.

Inventory:

Hand Weapons
 b - a +2 short sword of venom
 l - the cursed +2 dagger "Seer of Ashenzari" (weapon) {venom, Fort, Self}
   (You took it off a goblin on level 4 of the Dungeon)

   It poisons the flesh of those it strikes.
   It has a curse which improves the following skills: Fortitude: Shields.
   Introspection: Fighting and Spellcasting.
Armour
 o - a +0 pair of boots (worn)
 p - a scarf of repulsion (worn)
Jewellery
 c - a ring of fire (left hand)
 g - the amulet "Suteqaq" (around neck) {Reflect Harm *Slow Dex+5 SH+5}
   (You acquired it on level 3 of the Dungeon)

   [amulet of reflection]

   It reflects blocked missile attacks.
   It affects your dexterity (+5).
   It may slow you when you take damage.
   It affects your SH (+5).
   It increases damage dealt and taken.
Wands
 k - a wand of paralysis (6)
Scrolls
 d - 2 scrolls of blinking
 f - 2 scrolls of vulnerability
 h - a scroll of fog
 i - 4 scrolls of identify
 m - a scroll of enchant weapon
Potions
 a - a potion of curing
 e - a potion of might
 j - a potion of cancellation
 n - a potion of ambrosia


   Skills:
 - Level 1.7 Dodging
 - Level 1.7 Stealth
 + Level 4.7(5.2) Spellcasting
 + Level 5.7 Conjurations
 * Level 8.8 Fire Magic


You had 12 spell levels left.
You knew the following spells:

 Your Spells              Type           Power      Damage    Failure   Level
a - Foxfire               Conj/Fire      100%       2x1d9     1%          1
b - Sticky Flame          Conj/Fire      43%        2d6       7%          4

Your spell library contained the following spells:

 Spells                   Type           Power      Damage    Failure   Level
 Magic Dart               Conj           92%        1d7       1%          1
 Conjure Flame            Conj/Fire      43%        6-21      1%          3
 Inner Flame              Hex/Fire       29%        N/A       7%          3
 Animate Skeleton         Necr           8%         N/A       14%         1
 Pain                     Necr           16%        1d4       14%         1
 Mephitic Cloud           Conj/Pois/Air  10%        N/A       19%         3
 Fireball                 Conj/Fire      21%        3d10      19%         5
 Blink                    Tloc           N/A        N/A       22%         2
 Call Imp                 Summ           4%         N/A       22%         2
 Slow                     Hex            4%         N/A       22%         2
 Vampiric Draining        Necr           2%         2d6       38%         3
 Animate Dead             Necr           2%         N/A       80%         4
 Agony                    Necr           4%         N/A       98%         5


Dungeon Overview and Level Annotations

Branches:
Dungeon (5/15)             Temple (1/1) D:4

Altars:
Ashenzari
Dithmenos
Elyvilon
Kikubaaqudgha
Makhleb
Sif Muna
Uskayaw
Vehumet
Wu Jian
Xom
Yredelemnul
Zin
The Shining One

Shops:
D:5 (


Innate Abilities, Weirdness & Mutations

You can breathe blasts of noxious fumes.
Your lurid green scales are hard. (AC +6)
You cannot fit into any form of body armour.
Your system is resistant to poisons. (rPois)
You are cold-blooded and may be slowed by cold attacks.


Message History

The black bear claws you but does no damage.
You hit the black bear but do no damage.
The black bear is poisoned.
The black bear is moderately wounded.
The foxfire hits the black bear.
The black bear is heavily wounded.
The foxfire hits the black bear.
The black bear is severely wounded.
The black bear closely misses you. x2; The black bear claws you.
The black bear goes berserk!
Casting: Foxfire (safe; 1% risk of failure)
Confirm with . or Enter, or press ? or * to list all spells.
You feel a surge of power!
You conjure some foxfire!
The black bear misses you. The black bear claws you.
The black bear claws you but does no damage.
Your foxfire dissipates!
The foxfire hits the black bear but does no damage.
The black bear is severely wounded.
The black bear bites you but does no damage.
The black bear barely misses you. x2
Casting: Foxfire (safe; 1% risk of failure)
Confirm with . or Enter, or press ? or * to list all spells.
You feel a surge of power!
You conjure some foxfire!
The black bear bites you. The black bear closely misses you.
The black bear claws you but does no damage.
You barely miss the black bear.
The black bear is severely wounded.
The black bear looks more healthy.
The foxfire hits the ice beast but does no damage.
The foxfire hits the ice beast.
The ice beast melts!
The ice beast is lightly wounded.
The black bear bites you! The black bear barely misses you.
The black bear claws you but does no damage.
The ice beast hits you. The ice beast freezes you!
You feel a terrible chill!
* * * LOW HITPOINT WARNING * * *
The black bear bites you.
* * * LOW HITPOINT WARNING * * *
You block the black bear's attack. The black bear barely misses you.
The black bear bites you!
You die...

......##.........#####.####.##
......#####.....######+## #.#
.####.# #.............# #.# .#
#.# #.............# #.# .##
#.# #.............# #.#
..###.#####.............# #.#
..........+......######## #.#
#..##.#####......Y....## #.#
.#.##.# #.....@h.....# #.#
.#.##.# ###..#######.#
##.##### .#.##.# #..# ###
#.###....... .#.##.#
##.#######Y##..##...# .#.._.#
#...+_+...##.###.#.# ......#
#.###+###....###...# ###.#.#
#.# #.......###.
......########.###.###.....#.#
.
####...................#.....#
#


You could see a black bear (berserk) and an ice beast.

Vanquished Creatures
  Prince Ribbit (D:5)
  Sigmund (D:2)
  A shadow (D:5)
  Edmund (D:4)
  2 necrophages (D:4)
  An ogre (D:4)
  2 phantoms (D:5)
  A jelly (D:5)
  2 orc priests
  3 hounds (D:5)
  A gnoll shaman (D:5)
  Jessica (D:2)
  3 orc wizards
  Natasha (twice) (D:2)
  2 iguanas
  Ijyb (D:3)
  Robin (D:4)
  6 gnolls
  An adder (D:3)
  A white imp (D:4)
  An ufetubus (D:5)
  2 adder zombies (D:4)
  A dart slug (D:1)
  16 orcs
  3 bats
  12 endoplasms
  12 giant cockroaches
  12 goblins
  9 hobgoblins
  6 jackals
  4 kobolds
  2 quokkas
  6 ball pythons
  2 frilled lizards (D:1)
  6 rats
128 creatures vanquished.

Vanquished Creatures (collateral kills)
  A foxfire (D:4)
1 creature vanquished.

Vanquished Creatures (others)
  330 foxfires
  2 plants (D:4)
332 creatures vanquished.

Grand Total: 461 creatures vanquished

Notes
Turn   | Place    | Note
-------+----------+-------------------------------------------
     0 | D:1      | mordus the Draconian Fire Elementalist began the quest for
                  | the Orb.
     0 | D:1      | Reached XP level 1. HP: 14/14 MP: 3/3
   201 | D:1      | Reached XP level 2. HP: 20/20 MP: 3/5
   523 | D:1      | Found a faded altar of an unknown god.
   755 | D:2      | Reached XP level 3. HP: 26/26 MP: 4/6
   932 | D:2      | Noticed Sigmund
   948 | D:2      | Killed Sigmund
   949 | D:2      | Reached skill level 5 in Fire Magic
   949 | D:2      | Reached XP level 4. HP: 18/33 MP: 0/7
   949 | D:2      | Reached XP level 5. HP: 21/38 MP: 0/8
  1222 | D:2      | Noticed Natasha
  1229 | D:2      | Killed Natasha
  1424 | D:2      | Noticed Jessica
  1430 | D:2      | Killed Jessica
  1542 | D:2      | Noticed Natasha
  1552 | D:2      | Killed Natasha
  1553 | D:2      | Reached XP level 6. HP: 42/45 MP: 5/9
  1944 | D:3      | Identified a scroll of acquirement
  1944 | D:3      | Acquired the amulet "Suteqaq" {Reflect Harm *Slow Dex+5
                  | SH+5}
  2125 | D:3      | Reached skill level 6 in Fire Magic
  2245 | D:3      | Found a hide-covered altar of Uskayaw.
  2317 | D:3      | Noticed Ijyb
  2336 | D:3      | Killed Ijyb
  2708 | D:4      | Your scales start taking on a lurid green colour.
  2708 | D:4      | Reached XP level 7. HP: 45/50 MP: 4/11
  2708 | D:4      | Gained mutation: Your system is resistant to poisons.
                  | (rPois) [Green Draconian growth]
  2853 | D:4      | Noticed Robin
  2874 | D:4      | Killed Robin
  3069 | D:4      | Found a basalt altar of Yredelemnul.
  3155 | D:4      | Learned a level 4 spell: Sticky Flame
  3354 | D:4      | Reached skill level 7 in Fire Magic
  3412 | D:4      | Noticed Edmund
  3434 | D:4      | HP: 2/44 [Edmund/+3 flail of draining (3)]
  3439 | D:4      | Found a staircase to the Ecumenical Temple.
  3462 | D:4      | Killed Edmund
  3899 | D:5      | Entered Level 5 of the Dungeon
  3931 | Temple   | Entered the Ecumenical Temple
  4030 | Temple   | Became a worshipper of Ashenzari the Shackled
  4251 | D:5      | Reached XP level 8. HP: 55/57 MP: 8/13
  4588 | D:5      | Found Nalyinue's Antique Weapon Shop.
  4608 | D:5      | Reached skill level 5 in Conjurations
  4768 | D:5      | Found a glowing silver altar of Zin.
  4861 | D:5      | Reached skill level 8 in Fire Magic
  4977 | D:5      | Noticed Prince Ribbit
  4987 | D:5      | Killed Prince Ribbit
  5073 | D:5      | Found a glowing golden altar of the Shining One.
  5164 | D:5      | Mangled by a black bear

Illustrated notes

Levels and vault maps discovered:
D:1:      lemuel_arrival_broad_hall, layout_rooms,
          shapermc_ecumenical_altar_starsandcircs, minmay_tripent
D:2:      layout_loops_ring, uniq_natasha, uniq_sigmund, uniq_jessica
D:3:      minmay_roachtagon, layout_loops_ring, nicolae_uskayaw_dance_hall,
          uniq_ijyb
D:4:      layout_rooms, lemuel_zombie_altar_yredelemnul,
          minmay_temple_entry_antechambers, serial_forest,
          infiniplex_forest_lined_3, infiniplex_forest_end_2,
          infiniplex_forest_clump_diagonal, infiniplex_forest_corner_1,
          infiniplex_forest_clump_large, infiniplex_forest_clump_diagonal,
          infiniplex_forest_clump_curved, chequers_serial_rivers_micro_a,
          minmay_misc_feat_rugged, grunt_ministairs_9, uniq_edmund, uniq_robin
D:5:      layout_basic, overflow_temple_1_default, lemuel_doored_altar,
          serial_shops, shop, minivault_24, minmay_starry_boxes,
          uniq_prince_ribbit1
Temple:   kb_temple_of_zot

Skill      XL: |  1  2  3  4  5  6  7  8 |
---------------+-------------------------+-----
Conjurations   | 3 4 5 |  5.7
Fire Magic     | 5 6 7 8 |  8.8
Spellcasting   | 3 4 |  4.7
Dodging        | |  1.7
Stealth        | |  1.7

Action                   |  1- 3 |  4- 6 |  7- 9 || total
-------------------------+-------+-------+-------++-------
Melee: Short sword       |     9 |    14 |     4 ||    27
       Tailslap          |     3 |     3 |     5 ||    11
       Unarmed           |     2 |       |       ||     2
       Dagger            |       |       |    40 ||    40
 Cast: Foxfire           |    40 |    66 |    80 ||   186
       Sticky Flame      |       |       |     2 ||     2
Invok: Curse Item        |       |       |     1 ||     1
 Abil: Breathe Noxious F |       |       |     4 ||     4
  Use: Scroll            |     3 |     1 |       ||     4
Armor: Skin              |     7 |     8 |    37 ||    52
Dodge: Dodged            |    18 |    22 |    40 ||    80
Block: Other             |       |       |    25 ||    25

Table legend: (Time is in decaauts)
 A = Elapsed time spent in this place.
 B = Non-inter-level travel time spent in this place.
 C = Inter-level travel time spent in this place.
 D = Time resting spent in this place.
 E = Time spent auto-exploring this place.
 F = Levels seen in this place.
 G = Mean time per level.
                   A        B        C        D        E       F      G
               +--------+--------+--------+--------+--------+-----+--------+
         Total |   5179 |   5063 |    116 |    754 |   3276 |   6 |  863.2 |
       Dungeon |   5045 |   4939 |    106 |    754 |   3206 |   5 | 1009.0 |
        Temple |    133 |    124 |      9 |      0 |     70 |   1 |  133.0 |
               +--------+--------+--------+--------+--------+-----+--------+

Top non-repeatable levels by time:
     D:4: 1625 daAuts
     D:2: 917 daAuts
     D:3: 909 daAuts
     D:5: 883 daAuts
     D:1: 709 daAuts
  Temple: 133 daAuts
